 Dungeon Crawl Stone Soup version 0.18.1-48-g4cf74bf (webtiles) character file.

2431 Jerry the Geomancer (level 9, 0/70 HPs)
             Began as a Deep Dwarf Earth Elementalist on Aug 21, 2016.
             Slain by an ice beast (6 damage)
             ... on level 8 of the Dungeon.
             The game lasted 00:45:10 (7657 turns).

Jerry the Geomancer (Deep Dwarf Earth Elementalist) Turns: 7657, Time: 00:45:11

Health: 0/70       AC:  7    Str: 12    XL:     9   Next: 24%
Magic:  16/16      EV: 14    Int: 19    God:
Gold:   383        SH:  0    Dex: 13    Spells: 2 memorised, 16 levels left

rFire  . . .     SeeInvis .     y - +2 short sword (elec)
rCold  . . .     Gourm    .     v - +2 robe {MR+}
rNeg   . . .     Faith    .     (no shield)
rPois  .         Spirit   .     (helmet restricted)
rElec  .         Dismiss  .     L - +0 cloak
rCorr  .         Reflect  .     F - +0 pair of gloves
SustAt .         Harm     .     (no boots)
MR     ++...     Rnd*Rage +     n - amulet of rage
Stlth  ++........               (no ring)
                                (no ring)

@: non-regenerating, very resistant to hostile enchantments, unstealthy
A: damage resistance, recharge devices, beak, repulsion field 1, molten scales
1, berserk 1, sense surroundings 2, slow regeneration 3
a: Device Recharging, Evoke Berserk Rage


You were on level 8 of the Dungeon.
You were hungry.

You visited 2 branches of the dungeon, and saw 9 of its levels.

You collected 419 gold pieces.
You spent 36 gold pieces at shops.

Inventory:

Hand Weapons
 u - a +1 hunting sling
 y - a +2 short sword of electrocution (weapon)
 K - a +3 quarterstaff of chaos
Missiles
 a - 51 sling bullets
 b - 217 stones (quivered)
Armour
 v - a +2 robe of magic resistance (worn)
 w - a +1 robe of resistance
 z - a +1 helmet
 D - a cursed +0 chain mail
 E - a +2 buckler of protection
 F - a +0 pair of gloves (worn)
 L - a +0 cloak (worn)
Jewellery
 n - an amulet of rage (around neck)
 C - an uncursed amulet of the gourmand
Wands
 d - a wand of heal wounds (3/9)
 M - a wand of paralysis (17/24)
Scrolls
 e - a scroll of enchant weapon
 o - a scroll of fog
 A - 2 scrolls of blinking
 B - 2 scrolls of remove curse
 H - a scroll of teleportation {unknown}
 J - a scroll of immolation {unknown}
Potions
 g - a potion of resistance {unknown}
 i - 2 potions of lignification
 j - a potion of flight {unknown}
 m - 2 potions of brilliance {unknown}
 p - a potion of agility
 q - 2 potions of might
 r - a potion of mutation {unknown}
 s - 3 potions of curing {unknown}
 x - a potion of degeneration {unknown}
Books
 c - a book of Geomancy

   Spells                             Type                      Level
   a - Sandblast                      Earth                        1
   b - Passwall                       Transmutation/Earth          2
   c - Stone Arrow                    Conjuration/Earth            3
   d - Petrify                        Transmutation/Earth          4
   e - Lee's Rapid Deconstruction     Earth                        5
 G - a Necronomicon

   Spells                             Type                      Level
   a - Haunt                          Necromancy/Summoning         7
   b - Borgnjor's Revivification      Necromancy                   8
   c - Death's Door                   Charms/Necromancy            8
   d - Necromutation                  Transmutation/Necromancy     8
 I - a Young Poisoner's Handbook

   Spells                             Type                      Level
   a - Sting                          Conjuration/Poison           1
   b - Cure Poison                    Poison                       2
   c - Mephitic Cloud                 Conjuration/Poison/Air       3
   d - Olgreb's Toxic Radiance        Poison                       4
   e - Venom Bolt                     Conjuration/Poison           5
Comestibles
 f - 7 bread rations
 h - 10 fruits
 k - 2 slices of pizza
 l - 3 meat rations
 t - 8 beef jerkies


   Skills:
 - Level 1.1 Fighting
 - Level 2.1 Dodging
 - Level 2.4 Stealth
 + Level 2.7 Shields
 + Level 6.1 Spellcasting
 + Level 6.0 Conjurations
   Level 0.8 Transmutations
 + Level 10.0 Earth Magic


You had 16 spell levels left.
You knew the following spells:

 Your Spells              Type           Power        Failure   Level  Hunger
a - Sandblast             Erth           #####.       1%          1    None
b - Stone Arrow           Conj/Erth      #####.       1%          3    ##.....


Dungeon Overview and Level Annotations

Branches:
Dungeon (8/15)             Temple (1/1) D:4
   Lair: D:8-11

Altars:
Ashenzari
Cheibriados
Dithmenos
Elyvilon
Gozag
Kikubaaqudgha
Nemelex Xobeh
Okawaru
Pakellas
Qazlal
Ru
Sif Muna
Trog
Vehumet
Xom
Yredelemnul
Zin
The Shining One

Shops:
D:5 ?   D:6 *


Innate Abilities, Weirdness & Mutations

You are resistant to damage.
You can recharge devices by infusing magical energy.
You passively map the area around you.
You do not regenerate naturally.
You have a beak for a mouth.
You are surrounded by a mild repulsion field (EV +2).
You are partially covered in molten scales (AC +1).
You tend to lose your temper in combat.


Message History

The jackal bites you but does no damage.
The jackal closely misses you.
You hit the jackal. Your peck misses the jackal.
The jackal is almost dead.
The jackal bites you but does no damage.
You hit the jackal.
There is a sudden explosion of sparks!
You kill the jackal!
You hit the ice beast.
There is a sudden explosion of sparks!
The ice beast is moderately wounded.
The ice beast hits you.
* * * LOW HITPOINT WARNING * * *
The ice beast freezes you!
* * * LOW HITPOINT WARNING * * *
You barely miss the ice beast.
You peck the ice beast, but do no damage.
The ice beast is moderately wounded.
The ice beast misses you.
You fail to use your ability.
The ice beast hits you. The ice beast freezes you!
You die...

** , ,..# .###
..####.###...# *
#.#.....((...#
#.#<.(...#...# * *
####.#.......... , , , ,
#..........)#.. , ,
#.....(..#.# * *,
*#....##Y##.# * *
#....##@##.### *########
#....##........ ..##...#
,
#....#####.####*#.##.§(#
#.##..........# #.##÷÷..
#.......).....# #.######
#####.#.#####.## #.### *
#.....)..).# #.#.####
##..#######.#####.......
** #...# #...z.........


You could see an ice beast.

Vanquished Creatures
  Sigmund (D:3)
  A hungry ghost (D:7)
  Eustachio (D:6)
  2 ice beasts (D:5)
  2 sky beasts
  A centaur (D:8)
  3 ogres
  2 phantoms
  The ghost of Nekard the Conjurer, an amateur HuCj (D:3)
  A giant frog (D:6)
  A water moccasin skeleton (D:6)
  A scorpion (D:6)
  5 wights (D:8)
  2 howler monkeys (D:6)
  2 crimson imps
  A jelly (D:6)
  An orc priest (D:3)
  An orc wizard (D:3)
  A giant frog skeleton (D:8)
  Crazy Yiuf (D:7)
  Natasha (thrice) (D:4)
  A worker ant (D:4)
  A hound zombie (D:7)
  Robin (D:4)
  11 adders
  A howler monkey skeleton (D:8)
  2 shadow imps
  An ooze (D:5)
  An adder skeleton (D:4)
  4 worms
  4 dart slugs
  5 giant geckos
  18 orcs
  2 ball pythons (D:1)
  2 giant cockroaches
  8 goblins
  19 hobgoblins
  6 jackals
  5 kobolds
  3 quokkas
  3 bats
  A giant gecko skeleton (D:6)
  10 giant newts
  A jackal zombie (D:5)
  4 rats
148 creatures vanquished.

Vanquished Creatures (others)
  A goblin (D:4)
1 creature vanquished.

Grand Total: 149 creatures vanquished

Notes
Turn   | Place    | Note
--------------------------------------------------------------
     0 | D:1      | Jerry the Deep Dwarf Earth Elementalist began the quest for the Orb.
     0 | D:1      | Reached XP level 1. HP: 15/15 MP: 3/3
   374 | D:1      | Reached XP level 2. HP: 21/24 MP: 0/4
   974 | D:2      | Reached skill level 1 in Fighting
  1191 | D:2      | Reached XP level 3. HP: 10/31 MP: 3/6
  1196 | D:2      | Learned a level 3 spell: Stone Arrow
  1681 | D:2      | Reached skill level 5 in Earth Magic
  2019 | D:3      | Reached XP level 4. HP: 27/38 MP: 1/7
  2126 | D:3      | Reached skill level 1 in Conjurations
  2334 | D:3      | Noticed Nekard's ghost (amateur HuCj)
  2389 | D:3      | Killed Nekard's ghost
  2389 | D:3      | Reached XP level 5. HP: 38/44 MP: 7/9
  2463 | D:3      | Reached skill level 6 in Earth Magic
  2794 | D:3      | Noticed Sigmund
  2872 | D:3      | Killed Sigmund
  2872 | D:3      | Reached XP level 6. HP: 14/51 MP: 8/11
  3071 | D:4      | Noticed Natasha
  3079 | D:4      | Killed Natasha
  3103 | D:4      | Noticed Natasha
  3111 | D:4      | Killed Natasha
  3119 | D:4      | Found a staircase to the Ecumenical Temple.
  3144 | Temple   | Entered the Ecumenical Temple
  3474 | D:4      | Reached skill level 7 in Earth Magic
  3474 | D:4      | Reached XP level 7. HP: 17/57 MP: 0/12
  3632 | D:4      | Noticed Natasha
  3639 | D:4      | Killed Natasha
  3756 | D:4      | Noticed Robin
  3778 | D:4      | Killed Robin
  3931 | D:4      | Noticed Eustachio
  4259 | D:5      | Entered Level 5 of the Dungeon
  4375 | D:5      | Found Sucro's Magic Scroll Boutique.
  4384 | D:5      | Bought a scroll of remove curse for 36 gold pieces
  5137 | D:5      | Reached skill level 8 in Earth Magic
  5137 | D:5      | Reached XP level 8. HP: 6/64 MP: 1/14
  5413 | D:6      | Found an ancient bone altar of Kikubaaqudgha.
  5477 | D:6      | Killed Eustachio
  5477 | D:6      | Reached skill level 5 in Spellcasting
  5725 | D:6      | Found Huuqah's Assorted Antiques.
  5864 | D:6      | Found an iron altar of Okawaru.
  5887 | D:6      | Reached skill level 5 in Conjurations
  5887 | D:6      | Reached skill level 9 in Earth Magic
  5893 | D:6      | Gained mutation: You are partially covered in molten scales (AC +1). [mutagenic meat]
  5894 | D:6      | Gained mutation: You have a beak for a mouth. [mutagenic meat]
  5944 | D:6      | You fall through a shaft!
  6596 | D:7      | Identified a scroll of acquirement
  6707 | D:7      | Reached skill level 1 in Shields
  6807 | D:7      | Found an opulent altar of Gozag.
  6866 | D:7      | Found a shimmering altar of Xom.
  7018 | D:7      | Noticed Crazy Yiuf
  7022 | D:7      | Killed Crazy Yiuf
  7257 | D:8      | Gained mutation: You passively map the area around you. [Deep Dwarf growth]
  7257 | D:8      | Reached XP level 9. HP: 33/70 MP: 15/15
  7556 | D:8      | Gained mutation: You tend to lose your temper in combat. [mutagenic meat]
  7557 | D:8      | Gained mutation: You are surrounded by a mild repulsion field (EV +2). [mutagenic meat]
  7558 | D:8      | Gained mutation: You are dopey. (Int -2) [mutagenic meat]
  7559 | D:8      | Lost mutation: You are dopey. (Int -2) [mutagenic meat]
  7648 | D:8      | Reached skill level 10 in Earth Magic
  7657 | D:8      | Slain by an ice beast

Skill      XL: |  1  2  3  4  5  6  7  8  9 |
---------------+----------------------------+-----
Spellcasting   | 2 3 4 5 6 |  6.1
Fighting       | 1 |  1.1
Earth Magic    | 5 6 7 8 9 10 | 10.0
Conjurations   | 2 3 4 5 6 |  6.0
Shields        | 1 2 |  2.7
Dodging        | |  2.1
Stealth        | |  2.4
Transmutations | |  0.8

Action                   |  1- 3 |  4- 6 |  7- 9 || total
-------------------------+-------+-------+-------++-------
Melee: Dagger            |    40 |       |       ||    40
       Long sword        |       |     9 |       ||     9
       Short sword       |       |     7 |    52 ||    59
       Hunting sling     |       |     3 |       ||     3
       Peck              |       |       |     5 ||     5
 Fire: Hunting sling     |    22 |    93 |   152 ||   267
Throw: Stone             |     4 |       |       ||     4
 Cast: Sandblast         |    64 |    54 |    43 ||   161
       Stone Arrow       |       |     2 |    65 ||    67
 Abil: Evoke Berserk Rag |       |     2 |     3 ||     5
       Device Recharging |       |       |     2 ||     2
Evoke: Wand              |     2 |     3 |     4 ||     9
  Use: Potion            |       |     2 |       ||     2
       Scroll            |       |     6 |     3 ||     9
  Eat: Chunk             |     4 |     6 |    32 ||    42
       Beef jerky        |       |       |     1 ||     1
Armor: Robe              |    11 |     8 |    39 ||    58
       Skin              |       |    13 |       ||    13
Dodge: Dodged            |    37 |    33 |    94 ||   164
